 Dungeon Crawl Stone Soup version 0.25-a0-1024-gbfbf38f2cb (webtiles) character file.

Game seed: 18178978279002947381, levelgen mode: deterministic

539532 Flugslaktarn the Impassioned (level 25, -6/144 HPs)
             Began as a Vine Stalker Fighter on May 12, 2020.
             Was the Champion of Uskayaw.
             Killed from afar by an electric golem (9 damage)
             ... with a bolt of lightning
             ... on level 5 of the Realm of Zot.
             The game lasted 00:34:20 (34562 turns).

Flugslaktarn the Impassioned (VSFi)                Turns: 34562, Time: 00:34:21

Health: -6/144     AC: 37    Str: 29      XL:     25   Next: 93%
Magic:  0/37       EV: 20    Int:  6      God:    Uskayaw [******]
Gold:   1903       SH: 15    Dex: 19 (20) Spells: 24/24 levels left

rFire    + + .     SeeInvis +   a - +9 broad axe (vorpal)
rCold    + + .     Gourm    .   g - +0 kite shield
rNeg     . . .     Faith    .   X - +4 gold dragon scales
rPois    +         Spirit   +   b - +2 helmet {SInv}
rElec    .         Reflect  .   M - +0 cloak {rC+}
rCorr    .         Harm     .   P - +2 pair of gloves {Str+3}
MR       +++++     Rnd*Rage +   O - +2 pair of boots Stlth ..........Rnd*Tele +
                                W - necklace of Bloodlust {*Rage +Rage MR++ Int-3 Slay+6 *Curse}
HPRegen  1.14/turn              v - +5 ring of evasion
MPRegen  0.25/turn              f - ring of protection from fire

@: mighty, berserk cooldown, hasted and slowed
A: fangs 3, poison resistance, regeneration 2, strong 1, teleportitis 1, magic
shield, antimagic bite, no potion heal 3, rot immunity
}: 3/15 runes: serpentine, barnacled, silver
a: Stomp, Line Pass, Grand Finale, Renounce Religion, Evoke Berserk Rage


You were on level 5 of the Realm of Zot.
You worshipped Uskayaw.
Uskayaw was most pleased with you.
You were not hungry.

You visited 8 branches of the dungeon, and saw 46 of its levels.
You visited the Abyss 2 times.
You also visited: Trove, Ice Cave and Volcano.

You collected 7493 gold pieces.
You spent 5590 gold pieces at shops.

Inventory:

Hand Weapons
 a - a +9 vorpal broad axe (weapon)
   (You found it on level 2 of the Lair of Beasts)
Missiles
 A - 9 throwing nets (quivered)
Armour
 b - a +2 helmet of see invisible (worn)
   (You found it on level 5 of the Vaults)
 g - a +0 kite shield (worn)
 K - the +4 chain mail of Xom's Approval {rPois rF+ Str+2 Dex+4}
   (You found it on level 12 of the Dungeon)

   It affects your strength (+2).
   It affects your dexterity (+4).
   It protects you from fire.
   It protects you from poison.
 M - a +0 cloak of cold resistance (worn)
   (You found it in an ice cave)
 O - a +2 pair of boots (worn)
   (You found it on level 5 of the Dungeon)
 P - a +2 pair of gloves of strength (worn)
   (You found it in an ice cave)
 U - +0 storm dragon scales
   (You found it on level 5 of the Vaults)
 X - +4 gold dragon scales (worn)
   (You found it on level 5 of the Vaults)
Jewellery
 c - an uncursed ring of protection from cold
   (You took it off a yaktaur captain on level 5 of the Vaults)
 f - a ring of protection from fire (right hand)
   (You found it in a treasure trove)
 m - an uncursed ring of protection from magic
   (You found it on level 9 of the Dungeon)
 p - a +4 ring of protection
   (You found it on level 14 of the Dungeon)
 v - a +5 ring of evasion (left hand)
   (You found it on level 10 of the Dungeon)
 T - an uncursed ring of flight {unknown}
   (You found it on level 3 of the Realm of Zot)
 W - the necklace of Bloodlust (around neck) {*Rage +Rage MR++ Int-3 Slay+6 *Curse}
   (You found it in a treasure trove)

   [amulet of rage]

   It affects your intelligence (-3).
   It affects your accuracy and damage with ranged weapons and melee attacks
   (+6).
   It affects your resistance to hostile enchantments.
   It lets you go berserk.
   It may make you go berserk in combat.
   It curses itself when equipped.
Wands
 u - a wand of acid (29)
   (You found it on level 6 of the Dungeon)
 E - a wand of digging (4)
   (You found it on level 9 of the Dungeon)
 F - a wand of paralysis (24)
   (You found it on level 2 of the Shoals)
 G - a wand of clouds (7)
   (You found it on level 3 of the Depths)
 J - a wand of iceblast (19)
   (You took it off a centaur on level 5 of the Dungeon)
Scrolls
 k - 2 scrolls of vulnerability
 r - 5 scrolls of identify
 t - 13 scrolls of teleportation
 w - a scroll of summoning
 x - 19 scrolls of remove curse
 y - 2 scrolls of torment
 z - 11 scrolls of blinking
 B - 5 scrolls of fog
 N - 6 scrolls of fear
 R - 3 scrolls of immolation
 V - a scroll of holy word
Potions
 d - 6 potions of might
 h - 8 potions of haste
 j - 4 potions of cancellation
 l - 2 potions of ambrosia
 n - 8 potions of resistance
 o - 4 potions of lignification
 q - 11 potions of curing
 s - 7 potions of brilliance
 C - 2 potions of magic
 H - 6 potions of berserk rage
 L - 3 potions of invisibility
 Q - 3 potions of mutation
 S - 5 potions of flight
Miscellaneous
 D - a tin of tremorstones (3/3)
   (You bought it in a shop on level 10 of the Dungeon)
Comestibles
 e - 61 rations


   Skills:
 + Level 18.6 Fighting
 - Level 18.0 Axes
 + Level 16.4 Armour
 + Level 13.6 Dodging
 - Level 15.0 Shields
 + Level 19.7 Invocations
 - Level 6.0 Evocations


You had 24 spell levels left.
You didn't know any spells.
Your spell library was empty.

Dungeon Overview and Level Annotations

Branches:
Dungeon (15/15)            Temple (0/1) D:6            Lair (6/6) D:11
 Shoals (4/4) Lair:2        Snake (4/4) Lair:2        Slime (0/5) Lair:5
    Orc (2/2) D:9             Elf (0/3) Orc:2        Vaults (5/5) D:13
 Depths (5/5) D:15            Zot (5/5) Depths:5      IceCv (visited)
Volcano (visited)
  Crypt: Vaults:2-3

Altars:
Elyvilon
Gozag
Hepliaklqana
Kikubaaqudgha
Nemelex Xobeh
Qazlal
Ru
Sif Muna
Trog
Uskayaw
Xom
Yredelemnul
The Shining One
Beogh

Shops:
D:7 [   D:8 *   D:10 ?}[!}   D:13 *[!   D:15 !   Orc:2 ?[!?   Snake:1 :
Vaults:3 =

Annotations:
D:6 exclusion: oklob sapling
D:8 2 transporters
Lair:1 3 runed translucent doors, Flugslaktarn's ghost, journeyman DDFi
Lair:5 exclusion: oklob plant


Innate Abilities, Weirdness & Mutations

You have razor-sharp teeth.
You heal very quickly.
When hurt, damage is shared between your health and your magic reserves.
Your bite disrupts and absorbs the magic of your enemies.
Potions cannot restore your health.
You are immune to rotting.
Your system is resistant to poisons. (rPois)
Your muscles are strong. (Str +2)
You are occasionally teleported next to monsters.


Message History

You carve the Orb Guardian like a ham!!!
You kill the Orb Guardian!
You closely miss the ancient lich.
The ancient lich is no longer sharing its pain.
You block the ancient lich's attack.
You chop the ancient lich into pieces!!!
You bite the ancient lich, but do no damage.
The ancient lich is almost destroyed.
You closely miss the electric golem. You slash the ghost moth!
The ghost moth stares at you.
You feel your power leaking away. The ghost moth hits you.
You feel clumsy.
The ghost moth hits you but does no damage.
The ghost moth stings you but does no damage.
The electric golem hurls lightning at you.
The bolt of lightning hits you!!!
* * * LOW HITPOINT WARNING * * *
The bolt of lightning hits you!
You die...

. #▓▓▓▓▓▓▓▓▓▓▓##...
###................
##....##)...@yL.....
#####...###.....8L......
.......###.......1......
......## #..............
......# #..............
.....## #^.......^.....
.....# #.^............
.....## #..............
......#


You could see an electric golem (pain bonded), 2 ancient liches, an Ice Fiend
(summoned) and a ghost moth (invisible).

Vanquished Creatures
  2 orbs of fire (Zot:5)
  2 ancient liches
  3 juggernauts
  Sojobo (Vaults:3)
  A Killer Klown (Zot:5)
  A curse toe (Zot:2)
  A caustic shrike (Depths:4)
  8 golden dragons
  A bone dragon (Abyss:3)
  4 electric golems
  Jorgrun (Shoals:3)
  15 tentacled monstrosities
  Rupert (Lair:5)
  A lich (Abyss:3)
  3 titans (Vaults:5)
  10 Orb Guardians (Zot:5)
  7 quicksilver dragons
  An Executioner (Abyss:5)
  9 shadow dragons
  Agnes (Snake:3)
  5 sphinxes
  3 death cobs
  Ilsuiw (Shoals:3)
  Kirke (Lair:6)
  18 storm dragons
  7 tengu reavers
  9 nagarajas
  4 draconian monks (Zot:2)
  8 fire giants
  A deep elf sorcerer (Depths:5)
  3 ghost moths (Zot:2)
  7 frost giants
  5 draconian scorchers
  2 iron dragons (Depths:5)
  2 draconian knights
  An orc warlord (Orc:1)
  13 vault wardens
  Aizul (Vaults:3)
  6 draconian shifters
  3 draconian stormcallers
  3 spriggan defenders
  5 draconian annihilators
  2 deep elf elementalists
  6 ironheart preservers
  A caustic shrike skeleton (Depths:3)
  7 stone giants
  12 very ugly things
  2 reapers
  3 vampire knights
  8 yellow draconians
  6 green draconians
  A dire elephant (shapeshifter) (Vaults:5)
  11 black draconians
  17 red draconians
  2 deep elf annihilators
  7 purple draconians
  14 white draconians
  A deep elf death mage (Vaults:5)
  4 fire dragons
  Snorg (Lair:5)
  5 ettins
  4 merfolk javelineers (Shoals:4)
  4 deep elf high priests (Vaults:5)
  5 ogre magi
  10 yaktaur captains
  Josephine (Lair:5)
  6 naga warriors
  6 great orbs of eyes
  12 merfolk impalers
  Fannar (D:10)
  3 spriggan air magi (Depths:5)
  6 hydras
  31 vault guards
  12 ice dragons
  6 centaur warriors
  2 death knights
  3 merfolk aquamancers
  6 catoblepae
  8 anacondas (Snake:4)
  5 deep troll shamans
  A merfolk avatar (Shoals:4)
  Erica (Lair:2)
  2 satyrs
  4 tengu warriors
  A two-headed ogre (shapeshifter) (Depths:5)
  19 two-headed ogres
  5 deep troll earth magi
  An orc high priest (Orc:1)
  Urug (Lair:1)
  3 dancing weapons (Vaults:5)
  10 naga sharpshooters
  A vampire mage (Depths:4)
  18 death yaks
  3 shock serpents (Snake:4)
  2 spriggan berserkers
  A titan skeleton (Depths:3)
  2 spriggans (Depths:5)
  6 hell knights
  Sonja (Orc:2)
  3 deep elf knights
  3 wretched stars
  A storm dragon zombie (Depths:3)
  A spatial maelstrom (Abyss:5)
  2 iron trolls (Depths:3)
  A shadow wraith (Vaults:4)
  A salamander mystic (Snake:3)
  4 skeletal warriors
  14 sea snakes
  6 deep trolls
  2 flayed ghosts
  A shadow dragon zombie (Vaults:4)
  3 unseen horrors
  A storm dragon skeleton (Abyss:4)
  8 deep elf archers
  3 glowing orange brains
  6 naga ritualists
  4 phantasmal warriors
  5 harpies
  An anaconda skeleton (Volcano)
  8 large abominations
  10 ironbrand convokers
  3 mana vipers
  9 orc knights
  3 wizards
  6 necromancers
  A tengu skeleton (Vaults:2)
  A wolf spider (Vaults:1)
  A lindwurm (Lair:6)
  6 fauns
  14 manticores
  9 deep elf magi
  3 orc sorcerers
  A worldbinder (Abyss:4)
  39 ugly things
  A draconian (Zot:2)
  12 salamanders
  A moth of wrath (shapeshifter) (D:15)
  2 salamanders (shapeshifter)
  A shining eye (shapeshifter) (Depths:3)
  4 elephants (Lair:6)
  8 cyclopes
  A stone giant zombie (Vaults:4)
  A guardian serpent (shapeshifter) (Vaults:5)
  6 merfolk sirens
  10 vault sentinels
  2 ice statues (IceCv)
  A toenail golem (Volcano)
  13 guardian serpents
  19 naga magi
  A black mamba (shapeshifter) (Vaults:5)
  9 moths of wrath
  4 water nymphs
  28 black mambas
  An apocalypse crab (Abyss:3)
  Maggie (D:6)
  A storm dragon simulacrum (Vaults:2)
  2 torpor snails
  2 smoke demons
  13 spiny frogs
  4 gargoyles (Volcano)
  A komodo dragon (shapeshifter) (Vaults:5)
  A yaktaur (shapeshifter) (Depths:5)
  5 rime drakes
  A hellion (Abyss:5)
  5 freezing wraiths
  2 human zombies
  8 komodo dragons
  An ancient zyme (Abyss:5)
  29 merfolk
  23 yaktaurs
  9 ice devils (IceCv)
  3 polar bears (D:15)
  A queen bee (Lair:3)
  12 trolls
  2 wind drakes (Shoals:4)
  3 meliai (D:15)
  A tengu simulacrum (Vaults:2)
  3 hornets
  16 slime creatures
  3 snapping turtles
  A shadow dragon simulacrum (Vaults:4)
  15 hippogriffs
  A hippogriff (shapeshifter) (Depths:2)
  5 raiju (Abyss:3)
  12 blink frogs
  3 harpy skeletons (Volcano)
  A raiju (shapeshifter) (Abyss:5)
  16 dream sheep
  3 flying skulls (Volcano)
  Sigmund (D:6)
  An alligator skeleton (Volcano)
  5 starcursed masses
  3 water elementals
  2 wyverns
  A tarantella (shapeshifter) (Depths:2)
  7 hogs (Lair:6)
  70 yaks
  A vampire (D:13)
  3 ynoxinuls
  4 wraiths
  Eustachio (D:5)
  A human (shapeshifter) (Vaults:4)
  2 hungry ghosts
  A basilisk (shapeshifter) (Abyss:4)
  8 basilisks
  A chaos spawn (Abyss:5)
  3 steam dragons
  A yaktaur simulacrum (Vaults:4)
  A human simulacrum (Vaults:4)
  20 humans (D:13)
  6 spatial vortices (Abyss:5)
  4 vampire mosquitoes
  6 wargs
  43 nagas
  Edmund (D:6)
  14 water moccasins
  Duvessa (D:5)
  A water moccasin (shapeshifter) (Vaults:4)
  3 floating eyes
  7 porcupines
  2 deep troll skeletons
  3 ice beasts
  3 eyes of draining
  61 orc warriors
  4 sky beasts
  3 black bears
  6 phantoms
  A hornet zombie (D:12)
  10 wolves
  28 ogres
  An elf skeleton (Vaults:4)
  4 boggarts (Vaults:1)
  30 centaurs
  A human skeleton (Vaults:2)
  4 big kobolds
  12 crocodiles
  18 bullfrogs
  3 small abominations
  3 wyvern zombies
  Dowan (D:5)
  5 scorpions
  34 killer bees
  A troll skeleton (Volcano)
  A howler monkey (D:9)
  5 crimson imps
  3 centaur zombies
  A bullfrog zombie (D:9)
  16 orc priests
  Crazy Yiuf (D:6)
  6 hounds
  19 jellies
  A bullfrog skeleton (D:8)
  3 iguanas
  6 centaur skeletons
  10 worker ants
  21 orc wizards
  A hell rat (D:11)
  A hound zombie (D:9)
  5 naga skeletons (Volcano)
  2 hound skeletons
  A river rat (D:11)
  12 adders
  5 shadow imps
  7 white imps (IceCv)
  8 ufetubi (IceCv)
  2 oozes (Lair:5)
  An adder skeleton (D:6)
  3 worms
  2 dart slugs
  4 leopard geckos
  127 orcs
  3 bats
  6 giant cockroaches
  8 hobgoblins
  10 jackals
  8 quokkas
  A ball python (D:7)
  5 frilled lizards
  A jackal skeleton (D:4)
  24 kobolds
  A leopard gecko zombie (D:6)
  6 rats
  4 fungi
  4 plants
1838 creatures vanquished.

Vanquished Creatures (others)
  A naga warrior (Abyss:3)
  An ogre mage (Depths:2)
  An orc sorcerer (D:15)
  An orange demon (Abyss:4)
  A yaktaur (Vaults:3)
  A wraith (Abyss:4)
  A naga (Snake:4)
  An ogre (Vaults:3)
  2 white imps (IceCv)
  4 ufetubi
  6 fungi
  14 plants
  3 toadstools (D:7)
37 creatures vanquished.

Grand Total: 1875 creatures vanquished

Notes
Turn   | Place    | Note
-------+----------+-------------------------------------------
     0 | D:1      | Flugslaktarn the Vine Stalker Fighter began the quest for
                  | the Orb.
     0 | D:1      | Reached XP level 1. HP: 11/11 MP: 2/2
   371 | D:1      | Reached XP level 2. HP: 16/16 MP: 3/3
   790 | D:2      | Reached XP level 3. HP: 16/19 MP: 2/4
   935 | D:2      | Found a shimmering altar of Xom.
  1611 | D:3      | Gained mutation: Your natural rate of healing is unusually
                  | fast. [Vine Stalker growth]
  1611 | D:3      | Reached XP level 4. HP: 24/24 MP: 5/5
  1717 | D:3      | Found a glowing golden altar of the Shining One.
  2336 | D:4      | Found a hide-covered altar of Uskayaw.
  2339 | D:4      | Found a sparkling altar of Nemelex Xobeh.
  2427 | D:4      | Noticed a phantom
  2491 | D:4      | Became a worshipper of Uskayaw the Reveler
  2502 | D:4      | Reached * piety under Uskayaw
  2506 | D:4      | Killed a phantom
  2506 | D:4      | Reached XP level 5. HP: 23/28 MP: 6/6
  2506 | D:4      | Reached ** piety under Uskayaw
  2557 | D:4      | Reached skill level 1 in Invocations
  2557 | D:4      | Reached XP level 6. HP: 17/32 MP: 3/7
  3074 | D:5      | Entered Level 5 of the Dungeon
  3158 | D:5      | Noticed Duvessa
  3159 | D:5      | Noticed Dowan
  3167 | D:5      | Reached *** piety under Uskayaw
  3168 | D:5      | Killed Duvessa
  3168 | D:5      | Reached skill level 2 in Invocations
  3168 | D:5      | Reached XP level 7. HP: 14/37 MP: 2/9
  3168 | D:5      | Reached **** piety under Uskayaw
  3169 | D:5      | Killed Dowan
  3334 | D:5      | Reached skill level 5 in Axes
  3334 | D:5      | Gained mutation: You have razor-sharp teeth. [Vine Stalker
                  | growth]
  3334 | D:5      | Reached XP level 8. HP: 31/42 MP: 6/10
  3613 | D:5      | Reached skill level 3 in Invocations
  3677 | D:5      | Noticed Eustachio
  3706 | D:5      | Killed Eustachio
  4191 | D:6      | Noticed Edmund
  4204 | D:6      | Killed Edmund
  4204 | D:6      | Reached skill level 5 in Fighting
  4204 | D:6      | Reached XP level 9. HP: 47/47 MP: 12/12
  4226 | D:6      | Reached skill level 5 in Shields
  4253 | D:6      | Found a runed translucent door.
  4254 | D:6      | Noticed Crazy Yiuf
  4398 | D:6      | Noticed Sigmund
  4413 | D:6      | Killed Sigmund
  4413 | D:6      | Reached skill level 4 in Invocations
  4552 | D:6      | Noticed Maggie
  4576 | D:6      | Killed Maggie
  4680 | D:6      | Reached skill level 5 in Armour
  4681 | D:6      | Found a staircase to the Ecumenical Temple.
  4986 | D:6      | Killed Crazy Yiuf
  5266 | D:7      | Found Otoir's Antique Armour Shoppe.
  5327 | D:7      | Reached skill level 5 in Invocations
  5384 | D:7      | Reached XP level 10. HP: 49/53 MP: 14/14
  6003 | D:8      | Found a transporter.
  6100 | D:8      | Noticed a two-headed ogre
  6109 | D:8      | Killed a two-headed ogre
  6216 | D:8      | Found an ancient bone altar of Kikubaaqudgha.
  6231 | D:8      | Found a shimmering blue altar of Sif Muna.
  6232 | D:8      | Found an opulent altar of Gozag.
  6232 | D:8      | Found a stormy altar of Qazlal.
  6232 | D:8      | Found a bloodstained altar of Trog.
  6235 | D:8      | Found a hazy altar of Hepliaklqana.
  6528 | D:8      | Found Esalaicw's Lightly-Used Armoury.
  6631 | D:8      | Found a transporter.
  6800 | D:9      | Noticed a skeletal warrior
  6802 | D:9      | Reached skill level 6 in Invocations
  6802 | D:9      | Reached ***** piety under Uskayaw
  6809 | D:9      | Noticed a centaur warrior
  6890 | D:8      | HP: 1/53 [skeletal warrior/+0 scimitar (4)]
  7123 | D:9      | Reached XP level 11. HP: 28/58 MP: 12/16
  7127 | D:9      | Killed a centaur warrior
  7216 | D:9      | Noticed a two-headed ogre
  7231 | D:9      | Killed a two-headed ogre
  7466 | D:9      | Got a black opal-encrusted scale mail
  7477 | D:9      | Identified the +6 scale mail "Mugg" {*Corrode rF+ Dex+2
                  | Slay+3} (You found it on level 9 of the Dungeon)
  7632 | D:9      | Found a staircase to the Orcish Mines.
  7966 | D:9      | Found a sacrificial altar of Ru.
  8106 | D:10     | Entered Level 10 of the Dungeon
  8223 | D:10     | Found Awikk's Antique Armour Emporium.
  8242 | D:10     | Bought a pair of embroidered gloves for 247 gold pieces
  8263 | D:10     | Noticed Fannar
  8267 | D:10     | Reached skill level 1 in Dodging
  8280 | D:10     | Killed Fannar
  8280 | D:10     | Reached skill level 7 in Invocations
  8340 | D:10     | Found Naumouna's Gadget Shoppe.
  8345 | D:10     | Bought a tin of tremorstones (3/3) for 180 gold pieces
  8363 | D:10     | Found Wishres's Gadget Shoppe.
  8418 | D:10     | Found Nocuoh's Magic Scroll Boutique.
  8485 | D:10     | Reached skill level 10 in Axes
  8544 | D:10     | Found Neuxudakh's Distillery.
  8673 | D:10     | Reached skill level 1 in Evocations
  8963 | D:11     | Noticed a cyclops
  8977 | D:11     | Killed a cyclops
  9028 | D:11     | Noticed a death yak
  9030 | D:11     | Found a staircase to the Lair.
  9030 | D:11     | Noticed a death yak
  9030 | D:11     | Noticed a cyclops
  9031 | D:11     | Noticed a death yak
  9062 | D:11     | Killed a death yak
  9062 | D:11     | Gained mutation: You heal very quickly. [Vine Stalker
                  | growth]
  9062 | D:11     | Reached XP level 12. HP: 58/64 MP: 16/18
  9067 | D:11     | Killed a death yak
  9071 | D:11     | Killed a death yak
  9379 | D:11     | Noticed a two-headed ogre
  9386 | D:11     | Killed a two-headed ogre
  9584 | Lair:1   | Entered Level 1 of the Lair of Beasts
  9687 | Lair:1   | Reached skill level 8 in Invocations
  9797 | Lair:1   | Found a runed translucent gate.
  9797 | Lair:1   | Found a runed translucent gate.
  9797 | Lair:1   | Found a runed translucent gate.
  9808 | Lair:1   | Noticed Flugslaktarn's ghost (journeyman DDFi)
  9931 | Lair:1   | Noticed Urug
  9944 | Lair:1   | Killed Urug
 10275 | Lair:2   | Found a staircase to the Snake Pit.
 10301 | Lair:2   | Reached XP level 13. HP: 24/69 MP: 17/20
 10390 | Lair:2   | Noticed Erica
 10400 | Lair:2   | Killed Erica
 10674 | Lair:2   | You fall into a shaft and drop 1 floor!
 10788 | Lair:3   | Reached ****** piety under Uskayaw
 11835 | D:10     | Bought a scroll of acquirement for 728 gold pieces
 12012 | Lair:4   | Found a white marble altar of Elyvilon.
 12189 | Lair:4   | Reached skill level 9 in Invocations
 12332 | Lair:4   | Reached skill level 5 in Evocations
 12376 | Lair:4   | Reached skill level 5 in Dodging
 12462 | Lair:4   | Identified the ring "Icwoxtah" {Str+2 Int+2} (You acquired
                  | it on level 4 of the Lair of Beasts)
 12482 | Lair:4   | Reached XP level 14. HP: 75/75 MP: 19/21
 13011 | D:10     | Bought 3 scrolls of enchant weapon for 315 gold pieces
 13011 | D:10     | Bought a scroll of enchant weapon for 105 gold pieces
 13011 | D:10     | Bought a scroll of enchant weapon for 105 gold pieces
 13011 | D:10     | Bought a scroll of enchant armour for 105 gold pieces
 13200 | Lair:5   | Noticed Snorg
 13211 | Lair:5   | Killed Snorg
 13260 | Lair:5   | Noticed Rupert
 13264 | Lair:5   | Noticed Josephine
 13271 | Lair:5   | Killed Josephine
 13274 | Lair:5   | Killed Rupert
 13282 | Lair:5   | Found a staircase to the Slime Pits.
 13677 | Lair:5   | Found a shimmering blue altar of Sif Muna.
 13878 | Lair:6   | Entered Level 6 of the Lair of Beasts
 13983 | Lair:6   | Found a dark tunnel.
 13992 | Volcano  | Entered a volcano
 14187 | Volcano  | Reached skill level 10 in Invocations
 14416 | Lair:6   | Reached skill level 10 in Fighting
 14419 | Lair:6   | Noticed Kirke
 14437 | Lair:6   | Killed Kirke
 14437 | Lair:6   | Reached skill level 10 in Shields
 14572 | Lair:6   | Reached XP level 15. HP: 56/80 MP: 18/23
 14785 | Lair:6   | Reached skill level 15 in Axes
 15860 | Lair:2   | Found a staircase to the Shoals.
 16275 | D:12     | Got a pitted chain mail
 16286 | D:12     | Identified the +4 chain mail of Xom's Approval {rPois rF+
                  | Str+2 Dex+4} (You found it on level 12 of the Dungeon)
 16557 | D:12     | Found a basalt altar of Yredelemnul.
 16883 | D:13     | Found Sud Odgh's Antique Armour Boutique.
 16900 | D:13     | Found Awnoqovi's General Store.
 16913 | D:13     | Bought a scroll of enchant weapon for 112 gold pieces
 16963 | D:13     | Found a roughly hewn altar of Beogh.
 17136 | D:13     | Found a gate to the Vaults.
 17423 | D:13     | Found Fenac's Distillery.
 17503 | D:13     | Found a portal to a secret trove of treasure.
 17743 | D:14     | Reached skill level 11 in Invocations
 18080 | D:14     | Reached XP level 16. HP: 86/86 MP: 25/25
 18473 | D:15     | Entered Level 15 of the Dungeon
 18477 | D:15     | Found a staircase to the Depths.
 18733 | D:15     | Found a frozen archway.
 18757 | IceCv    | Entered an ice cave
 19017 | IceCv    | Found the +8 lance "Wyrmbane" {slay drac, rPois rF+ rC+
                  | AC+3}
 19352 | D:15     | Found Qolehamo's Distillery.
 19514 | D:15     | Got a pitted ring mail
 19522 | D:15     | Identified the +1 ring mail of the Great Game {-Cast rElec
                  | Str+3} (You found it on level 15 of the Dungeon)
 19713 | Orc:1    | Entered Level 1 of the Orcish Mines
 19799 | Orc:2    | Entered Level 2 of the Orcish Mines
 19990 | Orc:2    | Noticed Sonja
 20027 | Orc:2    | Killed Sonja
 20056 | Orc:2    | Found Uticzawn's Distillery.
 20056 | Orc:2    | Found Eschuch's Armour Shop.
 20058 | Orc:2    | Found Meor's Magic Scroll Boutique.
 20060 | Orc:2    | Found Lunkaw Moggu's Magic Scroll Emporium.
 20421 | Orc:2    | Found a staircase to the Elven Halls.
 20713 | Orc:1    | Found a roughly hewn altar of Beogh.
 21158 | D:8      | Bought -1 pearl dragon scales for 1140 gold pieces
 21278 | D:13     | You paid a toll of -1 pearl dragon scales to enter a
                  | treasure trove
 21279 | Trove    | Entered a treasure trove
 21283 | Trove    | Found the necklace of Bloodlust {*Rage +Rage MR++ Int-3
                  | Slay+6 *Curse}
 21284 | Trove    | Got a warped amber ring
 21288 | Trove    | Got a clouded tin amulet
 21296 | Trove    | Got a glittering lead amulet
 21314 | Trove    | Identified the ring of the Philosopher {Fire rN+ Str+3
                  | Dex+4} (You found it in a treasure trove)
 21315 | Trove    | Identified the amulet "Nyjiescha" {Faith Int+2 Stlth+} (You
                  | found it in a treasure trove)
 21316 | Trove    | Identified the amulet "Kymogeu" {Regen+ MP+9} (You found it
                  | in a treasure trove)
 21339 | Trove    | Got a clouded glass ring
 21344 | Trove    | Identified the ring "Jotzu" {Fire +Inv Str+3} (You found it
                  | in a treasure trove)
 21473 | Snake:1  | Entered Level 1 of the Snake Pit
 21525 | Snake:1  | Reached XP level 17. HP: 75/92 MP: 26/26
 21666 | Snake:1  | Reached skill level 12 in Invocations
 21729 | Snake:1  | Found Yphoi's Book Emporium.
 22113 | Snake:3  | Noticed Agnes
 22119 | Snake:3  | Killed Agnes
 22243 | Snake:4  | Entered Level 4 of the Snake Pit
 23067 | Snake:4  | Reached XP level 18. HP: 92/98 MP: 25/28
 23171 | Snake:4  | Got a serpentine rune of Zot
 23416 | Shoals:1 | Entered Level 1 of the Shoals
 23536 | Shoals:2 | Reached skill level 13 in Invocations
 23693 | Shoals:3 | Reached skill level 10 in Armour
 23774 | Shoals:3 | Noticed Ilsuiw
 23793 | Shoals:3 | Killed Ilsuiw
 23825 | Shoals:3 | Noticed Jorgrun
 23838 | Shoals:3 | Killed Jorgrun
 23993 | Shoals:4 | Entered Level 4 of the Shoals
 24484 | Shoals:4 | Got a slimy lapis lazuli ring
 24485 | Shoals:4 | Identified the ring "Abiren" {+Blink rN+} (You found it on
                  | level 4 of the Shoals)
 24641 | Shoals:4 | Reached XP level 19. HP: 96/104 MP: 27/30
 24988 | Shoals:4 | Cast into level 3 of the Abyss (merfolk)
 25005 | Abyss:4  | Found a corrupted altar of Lugonu.
 25114 | Abyss:5  | Entered Level 5 of the Abyss
 25261 | Shoals:4 | Escaped the Abyss
 25361 | Shoals:4 | Reached skill level 14 in Invocations
 25372 | Shoals:4 | Got a barnacled rune of Zot
 25672 | Vaults:1 | Entered Level 1 of the Vaults
 26169 | Vaults:2 | You fall into a shaft and drop 1 floor!
 26452 | Vaults:3 | Found Depheted's Jewellery Shop.
 26687 | Vaults:3 | Reached XP level 20. HP: 111/111 MP: 31/31
 26729 | Vaults:3 | Cast into level 3 of the Abyss (tengu reaver)
 26765 | Abyss:3  | Found a corrupted altar of Lugonu.
 26928 | Abyss:3  | Noticed a bone dragon
 26946 | Abyss:3  | Killed a bone dragon
 26950 | Vaults:3 | Escaped the Abyss
 27195 | Vaults:3 | Noticed Sojobo
 27222 | Vaults:3 | Killed Sojobo
 27222 | Vaults:3 | Reached skill level 15 in Invocations
 27355 | Vaults:3 | Noticed Aizul
 27360 | Vaults:3 | Killed Aizul
 28278 | Vaults:4 | Reached XP level 21. HP: 104/116 MP: 30/33
 28436 | Vaults:5 | Entered Level 5 of the Vaults
 28437 | Vaults:5 | Noticed a golden dragon
 28453 | Vaults:5 | Killed a golden dragon
 28453 | Vaults:5 | Reached skill level 15 in Fighting
 28456 | Vaults:5 | Noticed an ancient lich
 28464 | Vaults:5 | Reached skill level 15 in Shields
 28475 | Vaults:5 | Killed an ancient lich
 28477 | Vaults:5 | Reached skill level 16 in Invocations
 28673 | Vaults:5 | Noticed a golden dragon
 28676 | Vaults:5 | Killed a golden dragon
 28809 | Vaults:5 | Got a jewelled plate armour
 28813 | Vaults:5 | Identified the +1 plate armour of Eting {rPois Str-4 Int+6
                  | Dex+4 SInv} (You found it on level 5 of the Vaults)
 28883 | Vaults:5 | Reached XP level 22. HP: 123/123 MP: 33/35
 28944 | Vaults:5 | Noticed a golden dragon
 28951 | Vaults:5 | Killed a golden dragon
 29280 | Vaults:5 | Got a silver rune of Zot
 29282 | Vaults:5 | Got a transparent chain mail
 29283 | Vaults:5 | Identified the +3 chain mail of the True Pharaoh {Int+2
                  | Dex+2} (You found it on level 5 of the Vaults)
 29676 | Vaults:5 | Identified the Reference Book on Congealing Companions
 30203 | Depths:1 | Entered Level 1 of the Depths
 30517 | Depths:3 | Reached skill level 10 in Dodging
 30518 | Depths:3 | Reached skill level 17 in Invocations
 30881 | Depths:4 | Noticed a juggernaut
 30882 | Depths:4 | Reached XP level 23. HP: 129/129 MP: 36/36
 30891 | Depths:4 | Killed a juggernaut
 30898 | Depths:4 | Got a bound zirconium amulet
 30899 | Depths:4 | Identified the amulet of Gozag's Brutal Revenge {Gourm rF+
                  | rC- MR++ Stlth+} (You found it on level 4 of the Depths)
 30941 | Depths:4 | Paralysed by a floating eye for 4 turns
 30949 | Depths:4 | Noticed a juggernaut
 30961 | Depths:4 | Killed a juggernaut
 30988 | Depths:4 | Noticed a caustic shrike
 30992 | Depths:4 | Killed a caustic shrike
 31385 | D:10     | Bought a potion of mutation for 120 gold pieces
 31385 | D:10     | Bought a potion of cancellation for 120 gold pieces
 31385 | D:10     | Bought 2 potions of resistance for 300 gold pieces
 31385 | D:10     | Bought a potion of haste for 150 gold pieces
 31454 | D:13     | Bought a potion of mutation for 96 gold pieces
 31454 | D:13     | Bought a potion of mutation for 96 gold pieces
 31454 | D:13     | Bought a potion of haste for 120 gold pieces
 31605 | Orc:2    | Bought a potion of haste for 150 gold pieces
 31605 | Orc:2    | Bought a potion of mutation for 120 gold pieces
 31605 | Orc:2    | Bought a potion of haste for 150 gold pieces
 31605 | Orc:2    | Bought a potion of invisibility for 120 gold pieces
 31607 | Orc:2    | Bought 2 scrolls of fog for 68 gold pieces
 31607 | Orc:2    | Bought a scroll of fog for 34 gold pieces
 31607 | Orc:2    | Bought a scroll of fear for 59 gold pieces
 31607 | Orc:2    | Bought a scroll of brand weapon for 340 gold pieces
 31773 | D:13     | Bought a potion of haste for 150 gold pieces
 31773 | D:13     | Bought a potion of haste for 150 gold pieces
 31835 | D:15     | Bought a potion of might for 60 gold pieces
 31835 | D:15     | Bought a potion of haste for 150 gold pieces
 31835 | D:15     | Gained mutation: You are weak. (Str -2) [potion of
                  | mutation]
 31835 | D:15     | Gained mutation: You passively map a small area around you.
                  | [potion of mutation]
 31836 | D:15     | Lost mutation: You are weak. (Str -2) [potion of mutation]
 31836 | D:15     | Lost mutation: You passively map a small area around you.
                  | [potion of mutation]
 31836 | D:15     | Gained mutation: Your system is resistant to poisons.
                  | (rPois) [potion of mutation]
 31836 | D:15     | Gained mutation: Your muscles are strong. (Str +2) [potion
                  | of mutation]
 32031 | Depths:5 | Entered Level 5 of the Depths
 32454 | Depths:5 | Noticed a golden dragon
 32461 | Depths:5 | Killed a golden dragon
 32545 | Depths:5 | Noticed a juggernaut
 32554 | Depths:5 | Killed a juggernaut
 32559 | Depths:5 | Reached skill level 18 in Invocations
 32561 | Depths:5 | Noticed a golden dragon
 32571 | Depths:5 | Killed a golden dragon
 32585 | Depths:5 | Reached XP level 24. HP: 136/136 MP: 34/37
 32586 | Depths:5 | Found a gate to the Realm of Zot.
 32626 | Zot:1    | Entered Level 1 of the Realm of Zot
 32672 | Zot:2    | Noticed a curse toe
 32680 | Zot:2    | Reached skill level 15 in Armour
 32807 | Zot:2    | Got an ichor-stained broad axe
 32811 | Zot:2    | Identified the cursed +3 broad axe of the Nexus {protect,
                  | Str+3} (You found it on level 2 of the Realm of Zot)
 32941 | Zot:2    | Noticed an ancient lich
 32951 | Zot:2    | Killed an ancient lich
 33329 | Zot:2    | Reached XP level 25. HP: 122/142 MP: 25/37
 33488 | Zot:2    | Reached skill level 19 in Invocations
 33901 | Zot:5    | Entered Level 5 of the Realm of Zot
 34363 | Zot:5    | Noticed an orb of fire
 34365 | Zot:5    | Gained mutation: You are occasionally teleported next to
                  | monsters. [an orb of fire]
 34383 | Zot:5    | Killed an orb of fire
 34540 | Zot:5    | Noticed a Killer Klown
 34546 | Zot:5    | Noticed an ancient lich
 34549 | Zot:5    | Killed a Killer Klown
 34550 | Zot:5    | Noticed an orb of fire
 34552 | Zot:5    | Noticed an ancient lich
 34553 | Zot:5    | Noticed a Killer Klown
 34560 | Zot:5    | Killed an orb of fire
 34562 | Zot:5    | HP: 3/144 [electric golem/bolt of lightning (48)]
 34562 | Zot:5    | Killed from afar by an electric golem

Illustrated notes

Levels and vault maps discovered:
D:1:      elethiomel_arrival_maze, layout_basic, serial_glass, glass_columns_b,
          glass_columns_c, chequers_arboretum
D:2:      layout_loops_cross, lemuel_crystal_altar, minmay_misc_feat_diagonals
D:3:      layout_basic, nicolae_tso_swordbearing_angel
D:4:      layout_cave_pools, grunt_temple_overflow_open, first_ration,
          roderic_serpentine_path
D:5:      layout_loops_corners, uniq_duvessa, uniq_eustachio
D:6:      cheibrodos_barr_body, layout_loops_ring, minmay_temple_entry_oklob,
          uniq_edmund, uniq_sigmund, uniq_crazy_yiuf_cottage, uniq_maggie
D:7:      layout_loops_ring, serial_shops, nicolae_shop_trees,
          minmay_gold_behind_fungi
D:8:      gammafunk_cloud_chamber, layout_gridville, minitemple,
          minmay_shop_damaged
D:9:      hangedman_cross_cluster, layout_loops_ring, marbit_many_paths
D:10:     layout_roguey, serial_shops, nicolae_shop_statue_plus, shop_statue,
          kennysheep_little_box, shop, nicolae_shop_crystal, uniq_fannar
D:11:     layout_loops_ring, dpeg_lair_monsters
D:12:     layout_irregular_city, hangedman_fish_farm, lemuel_centaur_altar
D:13:     layout_roguey [special_room_orc], grunt_vaults_entry_tiered,
          serial_shops, shop, shop, nicolae_shop_stone,
          nicolae_trove_entry_crystal, lightli_wizard_tower
D:14:     layout_irregular_city, ebering_dispersal_statue_hall
D:15:     grunt_enter_depths_giant_problem, layout_cave_pools,
          portal_ice_cave_entry_animals_and_master, serial_shops, shop_statue
Lair:1:   layout_misc_corridors, gammafunk_ghost_necromancy, uniq_urug
Lair:2:   layout_cave_pods, elwin_shoals_entry_rooms,
          guppyfry_snake_entry_island, uniq_erica
Lair:3:   layout_cellular_growth, special_room [special_room_bee], st_stairs_12
Lair:4:   cheibrodos_lair_river_kwai, layout_loops_ring, basic_altar,
          beast_lair_carwin_2
Lair:5:   layout_roguey, minmay_slime_entry_jelly_boxes, lemuel_oklob_altar,
          uniq_rupert, uniq_snorg, uniq_josephine
Lair:6:   evilmike_catoblepas_cave, layout_cave_shapes,
          nicolae_volcano_entry_vermiform, lookout_lair_type, uniq_kirke
Shoals:1: layout_shoals, ebering_ghost_gozag, nicolae_shoals_dead_sea_scrolls,
          uniq_roxanne
Shoals:2: layout_shoals
Shoals:3: layout_shoals, uniq_ilsuiw, uniq_jorgrun
Shoals:4: shoals_end_simple, layout_shoals, nicolae_shoals_drake_roost
Snake:1:  layout_concentric_octagons, serial_shops, shop_coins,
          grunt_ministairs_6, nrook_loot_triangle
Snake:2:  layout_onion, minmay_shop_mass, uniq_nikola, uniq_louise, uniq_vashnia
Snake:3:  layout_gridlike, uniq_agnes
Snake:4:  grunt_snake_rune_serpentine_throne, layout_cave_town,
          lemuel_fruit_tree, serial_bayou_shore_a
Orc:1:    layout_caves, kennysheep_orc_chapel
Orc:2:    st_orc_rangers, layout_caves, uniq_sonja
Vaults:1: v_misc_24, nicolae_vaults_three_branches, v_misc_18,
          nicolae_vaults_network_barrier, v_rooms_4,
          ontoclasm_vaults_loading_screen, hangedman_vaults_unwind, v_misc_26,
          st_spiral_rooms, ontoclasm_vaults_gateway,
          nicolae_vaults_little_squares_1, layout_vaults_big_cross
Vaults:2: vaults_room_grid, v_rooms_2, minmay_crypt_entry_skeletal_spiral,
          nicolae_vaults_little_ls, vaults_dpeg_ring,
          nicolae_vaults_little_squares_4, nicolae_vaults_yaktaur_gun_rack,
          ontoclasm_vaults_ring_small, layout_vaults_big_room
Vaults:3: nicolae_vaults_rhombus_5, nicolae_vaults_little_squares_3,
          nicolae_vaults_mini_display_case, nicolae_vaults_network_quincunx
          [nicolae_vaults_network_quincunx_subvault,
          nicolae_vaults_network_quincunx_subvault,
          nicolae_vaults_network_quincunx_subvault,
          nicolae_vaults_network_quincunx_subvault,
          nicolae_vaults_network_quincunx_subvault],
          ontoclasm_vaults_decontamination, ontoclasm_vaults_fault, v_misc_11,
          vaults_room_stairs_pillars, v_alt_pattern_1, serial_ice_b,
          nicolae_vaults_ring_of_whatevers, ontoclasm_vaults_misaligned,
          v_misc_18, v_misc_12, hangedman_vaults_restitches, vaults_room_pool,
          layout_vaults_maze_bifur, serial_shops, nicolae_shop_stone,
          portal_desolation_entry_salt, uniq_aizul, uniq_sojobo
Vaults:4: nicolae_vaults_little_squares_5, dpeg_vaults_monster_box,
          vaults_room_boxed, hangedman_vaults_snaps,
          ontoclasm_vaults_ring_small, nicolae_vaults_little_squares_6,
          st_smaller_cells, nicolae_vaults_alarming, v_misc_23,
          nicolae_vaults_little_squares_5,
          vaults_standard_mumra_enter_the_diamond, vaults_room_fours,
          nicolae_vaults_rhombus_6, layout_vaults_ring
Vaults:5: uniq_margery
Depths:1: layout_roguey, enter_ziggurat_b, pf_coc_iceberg, wad_floor_pattern_2,
          serial_bayou_crossing, minmay_shop_grove
Depths:2: minmay_the_grid_3x2 [minmay_the_grid_medium_cups,
          minmay_the_grid_aliased_spiral, minmay_the_grid_garden,
          minmay_the_grid_spikes, minmay_the_grid_odd_star,
          minmay_the_grid_prize_shrinking_boxes], layout_basic,
          infiniplex_enter_wizlab_spiral, pf_hell_entry_tar_river,
          uniq_saint_roka
Depths:3: thingy_vault_2, layout_basic, lightli_too_deep, nicolae_two_hexagons,
          rand_demon_pan_entry_9, drop_trap, st_stairs_13
Depths:4: hangedman_arch_fort, layout_gridville, grunt_hell_entry_dis_grunt,
          hangedman_abyss_entry_splay, kennysheep_just_a_vault
Depths:5: grunt_runaround [grunt_runaround_doors_1, grunt_runaround_doors_2,
          grunt_runaround_doors_3, grunt_runaround_doors_4,
          grunt_runaround_zot], pan_entry, abyss_entry, hell_entry
Zot:1:    layout_misc_corridors, st_stairs_10
Zot:2:    ebering_greatest_show_in_zot, layout_misc_corridors, evilmike_ambush
          [evilmike_ambush_outer_basic, evilmike_ambush_inner_basic]
Zot:3:    layout_gridlike, st_small_dragon_hoard_1
Zot:4:    layout_misc_corridors
Zot:5:    layout_gridlike

Skill      XL: |  1  2  3  4  5  6  7  8  9 10 11 12 13 14 15 16 17 18 19 20 21 22 23 24 25 |
---------------+----------------------------------------------------------------------------+-----
Axes           | 2 3 4 5 6 7 9 10 11 12 14 16 17 18 | 18.0
Fighting       | 3 4 5 6 7 8 9 10 11 12 13 14 15 16 17 18 | 18.6
Shields        | 3 4 5 6 7 8 9 10 11 12 13 14 15 | 15.0
Armour         | 3 4 5 6 7 8 9 10 11 12 13 14 15 16 | 16.4
Invocations    | 1 2 3 5 6 7 8 9 10 11 12 13 14 15 16 17 18 19 | 19.7
Dodging        | 2 3 5 6 7 8 10 11 12 13 | 13.6
Evocations     | 1 3 5 6 |  6.0

Action                   |  1- 3 |  4- 6 |  7- 9 | 10-12 | 13-15 | 16-18 | 19-21 | 22-24 | 25-27 || total
-------------------------+-------+-------+-------+-------+-------+-------+-------+-------+-------++-------
Melee: War axe           |    70 |   138 |   276 |   546 |       |       |       |       |       ||  1030
       Bite              |    13 |    35 |   119 |   233 |   309 |   388 |   320 |   354 |   101 ||  1872
       Broad axe         |       |       |       |    42 |   735 |   882 |   629 |   661 |   190 ||  3139
       Hand axe          |       |       |       |       |    19 |       |       |       |       ||    19
Invok: Stomp             |       |       |       |     1 |     1 |     1 |       |       |       ||     3
Evoke: Wand              |       |       |       |     4 |       |       |       |       |       ||     4
       Tin of tremorston |       |       |       |       |       |     3 |     3 |       |       ||     6
  Use: Scroll            |       |       |    14 |     5 |    15 |    19 |     4 |    13 |     2 ||    72
       Potion            |       |       |       |     4 |       |       |       |     4 |     4 ||    12
 Stab: Paralysed         |       |     1 |    12 |    68 |   118 |   143 |   127 |   114 |    46 ||   629
       Petrified         |       |       |       |       |     3 |       |       |       |       ||     3
       Invisible         |       |       |       |       |       |       |       |    11 |       ||    11
  Eat: Chunk             |     1 |     2 |     5 |    20 |    13 |    12 |    15 |     8 |       ||    76
       Ration            |     1 |       |     1 |       |     4 |     3 |       |     3 |     1 ||    13
Armor: Scale mail        |    33 |    68 |    97 |   108 |    96 |       |       |       |       ||   402
       Plate armour      |       |       |    12 |   167 |    88 |       |       |       |       ||   267
       Chain mail        |       |       |     5 |       |    71 |   327 |   130 |     5 |       ||   538
       Skin              |       |       |       |     9 |       |       |       |       |       ||     9
       Gold dragon scale |       |       |       |       |       |       |       |   258 |    57 ||   315
Dodge: Dodged            |    20 |    46 |    45 |   192 |   457 |   497 |   181 |   257 |    88 ||  1783
Block: Kite shield       |    37 |    65 |   120 |   332 |   460 |   633 |   274 |   313 |    83 ||  2317

Table legend:
 A = Non-vault XP
 B = Vault XP
 C = Vault XP percentage of total XP
 D = Non-vault monster count
 E = Vault monster count
 F = Vault count percentage of total count
                 A         B        C        D         E       F
            +---------+---------+-------+---------+---------+-------
      Total |  466289 |  631374 |  57.5 |    1091 |     737 |  40.3
            +---------+---------+-------+---------+---------+-------
        D:1 |      20 |       0 |   0.0 |      11 |       0 |   0.0
        D:2 |      40 |       0 |   0.0 |      11 |       0 |   0.0
        D:3 |      69 |       0 |   0.0 |      23 |       0 |   0.0
        D:4 |     330 |       0 |   0.0 |      18 |       0 |   0.0
        D:5 |    1013 |     424 |  29.5 |      24 |       3 |  11.1
        D:6 |     866 |    1299 |  60.0 |      13 |      13 |  50.0
        D:7 |    1193 |       0 |   0.0 |      26 |       0 |   0.0
        D:8 |    2504 |       0 |   0.0 |      30 |       0 |   0.0
        D:9 |    2361 |    2736 |  53.7 |      30 |      20 |  40.0
       D:10 |    3770 |     981 |  20.6 |      37 |       1 |   2.6
       D:11 |    4694 |    2623 |  35.8 |      17 |       6 |  26.1
       D:12 |    1210 |     781 |  39.2 |      14 |       5 |  26.3
       D:13 |    3077 |    8860 |  74.2 |      13 |      52 |  80.0
       D:14 |   15620 |       0 |   0.0 |      33 |       0 |   0.0
       D:15 |   15868 |    4322 |  21.4 |      46 |       9 |  16.4
     Lair:1 |    6196 |     855 |  12.1 |      27 |       1 |   3.6
     Lair:2 |    4395 |    1692 |  27.8 |      18 |       4 |  18.2
     Lair:3 |    4730 |    1621 |  25.5 |      19 |      21 |  52.5
     Lair:4 |    8924 |    5889 |  39.8 |      27 |      11 |  28.9
     Lair:5 |    5148 |    6256 |  54.9 |      22 |      20 |  47.6
     Lair:6 |   12100 |   17873 |  59.6 |      42 |      33 |  44.0
   Shoals:2 |    4335 |       0 |   0.0 |       8 |       0 |   0.0
   Shoals:3 |   16778 |    8205 |  32.8 |      35 |       6 |  14.6
   Shoals:4 |   18132 |   22524 |  55.4 |      40 |      40 |  50.0
    Snake:1 |    8865 |    1080 |  10.9 |      19 |       2 |   9.5
    Snake:2 |    1488 |       0 |   0.0 |       2 |       0 |   0.0
    Snake:3 |   20040 |    2177 |   9.8 |      44 |       1 |   2.2
    Snake:4 |   12641 |   41011 |  76.4 |      26 |      60 |  69.8
      Orc:1 |    4768 |    1727 |  26.6 |      54 |       5 |   8.5
      Orc:2 |    3365 |    6281 |  65.1 |      45 |      41 |  47.7
   Vaults:1 |    1531 |   11323 |  88.1 |       6 |      17 |  73.9
   Vaults:2 |   11231 |    2368 |  17.4 |      21 |       5 |  19.2
   Vaults:3 |   25621 |   25426 |  49.8 |      46 |      28 |  37.8
   Vaults:4 |   28369 |   23006 |  44.8 |      47 |      32 |  40.5
   Vaults:5 |    9447 |  139475 |  93.7 |      11 |      89 |  89.0
   Depths:1 |    1444 |       0 |   0.0 |       1 |       0 |   0.0
   Depths:2 |   11519 |   15040 |  56.6 |      14 |      16 |  53.3
   Depths:3 |   19812 |    1082 |   5.2 |      28 |       1 |   3.4
   Depths:4 |    4190 |   41670 |  90.9 |       4 |      20 |  83.3
   Depths:5 |     573 |   92394 |  99.4 |       2 |      69 |  97.2
      Zot:1 |    4993 |    8802 |  63.8 |       2 |       3 |  60.0
      Zot:2 |   91851 |   79548 |  46.4 |      66 |      42 |  38.9
      Zot:3 |    9962 |       0 |   0.0 |       7 |       0 |   0.0
      Zot:4 |    2540 |       0 |   0.0 |       2 |       0 |   0.0
      Zot:5 |   28663 |   39936 |  58.2 |      11 |      12 |  52.2
    Abyss:3 |   17015 |     442 |   2.5 |      22 |       1 |   4.3
    Abyss:4 |    5911 |       0 |   0.0 |      13 |       0 |   0.0
    Abyss:5 |    7077 |       0 |   0.0 |      14 |       0 |   0.0
      IceCv |       0 |    5537 | 100.0 |       0 |      27 | 100.0
    Volcano |       0 |    6108 | 100.0 |       0 |      21 | 100.0
            +---------+---------+-------+---------+---------+-------
